 Dungeon Crawl Stone Soup version 0.26-a0-639-g72c4674329 (webtiles) character file.

Game seed: 1994494412621221722

52 Lanoc the Covert (level 3, -12/35 HPs)
             Began as a Gnoll Delver on Sept 23, 2020.
             Was an Initiate of Elyvilon.
             Mangled by an ogre
             ... wielding a +0 giant club
              (18 damage)
             ... on level 5 of the Dungeon.
             The game lasted 00:01:08 (423 turns).

Lanoc the Covert (Gnoll Delver)                      Turns: 423, Time: 00:01:08

Health: -12/35     AC:  3    Str: 14    XL:     3   Next: 85%
Magic:  4/4        EV: 14    Int: 12    God:    Elyvilon [......]
Gold:   14         SH:  0    Dex: 17    Spells: 4/4 levels left

rFire    . . .     SeeInvis .   a - +0 falchion
rCold    . . .     Faith    .   (no shield)
rNeg     . . .     Spirit   .   b - +0 leather armour
rPois    .         Reflect  .   (no helmet)
rElec    .         Harm     .   (no cloak)
rCorr    .         Rampage  .   (no gloves)
MR       .....                  (no boots)
Stlth    ++++......             (no amulet)
HPRegen  0.11/turn              (no ring)
MPRegen  0.09/turn              (no ring)

@: no status effects
A: distributed training, fangs 1, strong nose
a: Renounce Religion


You were on level 5 of the Dungeon.
You worshipped Elyvilon.
Elyvilon was noncommittal.
You visited 1 branch of the dungeon, and saw 1 of its levels.

You collected 14 gold pieces.

Inventory:

Hand Weapons
 a - a +0 falchion (weapon)
Armour
 b - a +0 leather armour (worn)
Wands
 g - a wand of digging (3)
 i - a wand of polymorph (4)
Scrolls
 c - a scroll of fog
 d - 2 scrolls of magic mapping
 e - a scroll of fear
 j - a scroll of identify {unknown}
Potions
 f - a potion of haste
 h - 2 potions of heal wounds {unknown}


   Skills:
 + Level 6.5 Fighting
 + Level 1.0 Short Blades
 + Level 4.6 Long Blades
 + Level 1.0 Axes
 + Level 1.0 Maces & Flails
 + Level 1.0 Polearms
 + Level 1.0 Staves
 + Level 1.0 Slings
 + Level 1.0 Bows
 + Level 1.0 Crossbows
 + Level 1.0 Throwing
 + Level 1.0 Armour
 + Level 4.6 Dodging
 + Level 9.5 Stealth
 + Level 1.0 Shields
 + Level 1.0 Unarmed Combat
 + Level 1.0 Spellcasting
 + Level 0.7 Conjurations
 + Level 0.7 Hexes
 + Level 0.7 Summonings
 + Level 0.7 Necromancy
 + Level 0.7 Translocations
 + Level 0.7 Transmutations
 + Level 0.7 Fire Magic
 + Level 0.7 Ice Magic
 + Level 0.7 Air Magic
 + Level 0.7 Earth Magic
 + Level 0.7 Poison Magic
 + Level 1.0 Invocations
 + Level 1.0 Evocations


You had 4 spell levels left.
You didn't know any spells.
Your spell library was empty.

Dungeon Overview and Level Annotations

Branches:
Dungeon (5/15)
 Temple: D:4-7

Altars:
Elyvilon

Shops:
D:5 =(=


Innate Abilities, Weirdness & Mutations

Your experience applies equally to all skills.
You have very sharp teeth.
Your uncanny sense of smell can sniff out nearby items.


Message History

The ogre is severely wounded.
The ogre misses you.
You completely miss the ogre. You bite the ogre, but do no damage.
The ogre is severely wounded.
The ogre hits you with a +0 giant club!!
Ouch! That really hurt!
* * * LOW HITPOINT WARNING * * *
You are too injured to fight recklessly!
You are too injured to fight recklessly!
You hit the ogre. Your bite misses the ogre.
The ogre is almost dead.
The ogre closely misses you.
You hit the ogre.
The ogre is almost dead.
The ogre closely misses you.
You hit the ogre but do no damage.
The ogre is almost dead.
The ogre hits you with a +0 giant club!!
Ouch! That really hurt!
You die...

#######
######.....#############
.....'.....#.....O......
.....#.....#....@.......
.....#.....'............
##...#.....######+#####+
.#...#........
.#...+.........
.##'##...........
..............!..
.......†.........
..∩...#####.....#


You could see an ogre.

Vanquished Creatures
  An orc wizard (D:5)
  2 adders (D:5)
  2 orcs (D:5)
  A quokka (D:5)
6 creatures vanquished.

Notes
Turn   | Place    | Note
-------+----------+-------------------------------------------
     0 | D:5      | Reached skill level 9 in Stealth
     0 | D:5      | Lanoc the Gnoll Delver began the quest for the Orb.
     0 | D:5      | Reached XP level 1. HP: 23/23 MP: 1/1
     7 | D:5      | Became a worshipper of Elyvilon the Healer
    10 | D:5      | Found Qojekol's Jewellery Emporium.
    11 | D:5      | Noticed an orc wizard
    27 | D:5      | Killed an orc wizard
    27 | D:5      | Reached XP level 2. HP: 16/29 MP: 1/3
    27 | D:5      | Reached XP level 3. HP: 20/35 MP: 1/4
   183 | D:5      | Found Teuculipuu's Jewellery Shoppe.
   239 | D:5      | Reached skill level 1 in Invocations
   359 | D:5      | Found Doissael's Weapon Emporium.
   370 | D:5      | Reached skill level 1 in Short Blades
   370 | D:5      | Reached skill level 1 in Axes
   370 | D:5      | Reached skill level 1 in Maces & Flails
   370 | D:5      | Reached skill level 1 in Polearms
   370 | D:5      | Reached skill level 1 in Staves
   370 | D:5      | Reached skill level 1 in Slings
   370 | D:5      | Reached skill level 1 in Bows
   370 | D:5      | Reached skill level 1 in Crossbows
   370 | D:5      | Reached skill level 1 in Throwing
   370 | D:5      | Reached skill level 1 in Armour
   370 | D:5      | Reached skill level 1 in Shields
   370 | D:5      | Reached skill level 1 in Unarmed Combat
   370 | D:5      | Reached skill level 1 in Spellcasting
   370 | D:5      | Reached skill level 1 in Evocations
   406 | D:5      | Noticed an ogre
   423 | D:5      | Mangled by an ogre

Illustrated notes

Levels and vault maps discovered:
D:5:      layout_gridville, elyvilon_altar_5, serial_shops,
          nicolae_shop_crystal, nicolae_shop_statue_plus, shop,
          nicolae_shop_stone, shop, gammafunk_ghost_arena

Skill      XL: |  1  2  3 |
---------------+----------+-----
Stealth        | |  9.5
Invocations    | 1 |  1.0
Short Blades   | 1 |  1.0
Axes           | 1 |  1.0
Maces & Flails | 1 |  1.0
Polearms       | 1 |  1.0
Staves         | 1 |  1.0
Slings         | 1 |  1.0
Bows           | 1 |  1.0
Crossbows      | 1 |  1.0
Throwing       | 1 |  1.0
Armour         | 1 |  1.0
Shields        | 1 |  1.0
Unarmed Combat | 1 |  1.0
Spellcasting   | 1 |  1.0
Evocations     | 1 |  1.0
Fighting       | |  6.5
Long Blades    | |  4.6
Dodging        | |  4.6
Conjurations   | |  0.7
Hexes          | |  0.7
Summonings     | |  0.7
Necromancy     | |  0.7
Translocations | |  0.7
Transmutations | |  0.7
Fire Magic     | |  0.7
Ice Magic      | |  0.7
Air Magic      | |  0.7
Earth Magic    | |  0.7
Poison Magic   | |  0.7

Action                   || total
-------------------------++-------
Melee: Falchion          ||    40
       Bite              ||     5
 Stab: Sleeping          ||     1
Armor: Leather armour    ||     4
Dodge: Dodged            ||    40
       Rpst.: Falchion   ||    12

Table legend: (Time is in decaauts)
 A = Elapsed time spent in this place.
 B = Non-inter-level travel time spent in this place.
 C = Inter-level travel time spent in this place.
 D = Time resting spent in this place.
 E = Time spent auto-exploring this place.
 F = Levels seen in this place.
 G = Mean time per level.
                   A        B        C        D        E       F      G
               +--------+--------+--------+--------+--------+-----+--------+
         Total |    434 |    434 |      0 |      0 |    348 |   1 |  434.0 |
       Dungeon |    434 |    434 |      0 |      0 |    348 |   1 |  434.0 |
               +--------+--------+--------+--------+--------+-----+--------+

Top non-repeatable levels by time:
     D:5: 434 daAuts
